 Dungeon Crawl Stone Soup version 0.21.1-1-g345015fe64 (webtiles) character file.

363 Razbojnik the Magician (level 6, -1/32 HPs)
             Began as a Deep Elf Conjurer on July 28, 2018.
             Killed by divine providence
             ... invoked by an orc priest
              (10 damage)
             ... on level 3 of the Dungeon.
             The game lasted 00:10:22 (2072 turns).

Razbojnik the Magician (Deep Elf Conjurer)          Turns: 2072, Time: 00:10:23

Health: -1/32      AC:  2    Str:  5    XL:     6   Next: 39%
Magic:  2/17       EV: 13    Int: 22    God:
Gold:   131        SH:  0    Dex: 15    Spells: 7/17 levels left

rFire    . . .     SeeInvis .   d - +0 dagger
rCold    . . .     Gourm    .   (no shield)
rNeg     . . .     Faith    .   a - +0 robe
rPois    .         Spirit   .   (no helmet)
rElec    .         Reflect  .   (no cloak)
rCorr    .         Harm     .   (no gloves)
MR       .....                  (no boots)
Stlth    ++........             (no amulet)
HPRegen  0.10/turn              (no ring)
MPRegen  0.15/turn              (no ring)

@: very slightly contaminated
A: no striking features
a: no special abilities


You were on level 3 of the Dungeon.
You were hungry.

You visited 1 branch of the dungeon, and saw 3 of its levels.

You collected 131 gold pieces.

Inventory:

Hand Weapons
 d - a +0 dagger (weapon)
Missiles
 e - 75 stones (quivered)
 i - 11 poisoned needles
Armour
 a - a +0 robe (worn)
 h - a +0 buckler
Jewellery
 j - a +5 amulet of reflection {unknown}
Scrolls
 f - a scroll of blinking {unknown}
 g - 2 scrolls of remove curse {unknown}
 n - a scroll of enchant armour {unknown}
 o - a scroll of amnesia {unknown}
 p - a scroll of magic mapping {unknown}
 q - a scroll of teleportation {unknown}
 r - a scroll of enchant weapon {unknown}
 u - a scroll of identify {unknown}
Potions
 k - a potion of cancellation {unknown}
 m - a potion of mutation {unknown}
 t - a potion of brilliance {unknown}
Books
 b - a book of Conjurations

   Spells                             Type                      Level
   a - Magic Dart                     Conjuration                  1
   b - Searing Ray                    Conjuration                  2
   c - Dazzling Spray                 Conjuration/Hexes            3
   d - Fulminant Prism                Conjuration/Hexes            4
   e - Force Lance                    Conjuration/Translocation    4
   f - Iskenderun's Mystic Blast      Conjuration                  4
Comestibles
 c - 4 rations
 s - a chunk of flesh


   Skills:
 - Level 2.4 Dodging
 - Level 2.4 Stealth
 + Level 6.0 Spellcasting
 - Level 5.0 Conjurations
 + Level 5.9 Hexes


You had 7 spell levels left.
You knew the following spells:

 Your Spells              Type           Power        Failure   Level  Hunger
a - Magic Dart            Conj           ####         1%          1    None
b - Searing Ray           Conj           ####..       1%          2    None
c - Dazzling Spray        Conj/Hex       ####..       2%          3    #......
d - Fulminant Prism       Conj/Hex       ####......   10%         4    ###....


Dungeon Overview and Level Annotations

Branches:
Dungeon (3/15)

Altars:
Fedhas
Nemelex Xobeh
Wu Jian
Xom
Yredelemnul


Message History

The orc hits you with a short sword.
Your fulminant prism explodes!
The blast of energy engulfs the orc priest.
The orc priest is heavily wounded.
The orc hits you with a short sword.
The orc priest calls down the wrath of Beogh upon you.
Beogh smites you!
* * * LOW HITPOINT WARNING * * *
You hit the orc but do no damage.
The orc is lightly wounded.
The orc hits you but does no damage.
You hit the orc but do no damage.
The orc is lightly wounded.
The orc hits you with a short sword.
* * * LOW HITPOINT WARNING * * *
You feel better. The orc misses you.
You are feeling hungry.
The orc priest invokes the aid of Beogh against you.
Beogh smites you!
You die...

.###
#.##......###.##### .#
#.#...............# .#
#.#.......##.####.# .#
#.#.....#.##.# #.# ##
#<#.#.....##.# #.#
#.#...######.# #.#
#.###### #.# #.#
####......#####.# #.#
#...<.###o#.o.@.# #.#
#.....# #.#o##### #.#
#.....# #.#.# #.#
#....o# #.#o## #.#
#.....# #....# #.#
#....[# ####.# #.#
#....)# ####.#### #.#
#.....###....... ###.#
#.....##..♣...♣..##..#


You could see an orc priest and an orc.

Vanquished Creatures
  Grinder (D:3)
  A howler monkey (D:3)
  Natasha (twice) (D:2)
  3 adders
  An ooze (D:3)
  A worm (D:2)
  2 dart slugs (D:1)
  4 orcs (D:3)
  3 bats
  3 giant cockroaches
  3 goblins
  11 hobgoblins
  3 jackals (D:2)
  2 quokkas (D:2)
  5 frilled lizards
  4 kobolds
  4 rats
53 creatures vanquished.

Vanquished Creatures (others)
  5 fulminant prisms (D:3)
5 creatures vanquished.

Grand Total: 58 creatures vanquished

Notes
Turn   | Place    | Note
-------+----------+-------------------------------------------
     0 | D:1      | Razbojnik the Deep Elf Conjurer began the quest for the Orb.
     0 | D:1      | Reached XP level 1. HP: 10/10 MP: 6/6
    64 | D:1      | Found a shimmering altar of Xom.
   429 | D:1      | Reached XP level 2. HP: 13/15 MP: 2/8
   433 | D:1      | Learned a level 2 spell: Searing Ray
   740 | D:2      | Noticed Natasha
   747 | D:2      | Killed Natasha
   747 | D:2      | Reached skill level 4 in Spellcasting
   747 | D:2      | Reached skill level 5 in Conjurations
   747 | D:2      | Reached XP level 3. HP: 11/19 MP: 4/10
   755 | D:2      | Learned a level 3 spell: Dazzling Spray
   844 | D:2      | Reached skill level 1 in Hexes
  1157 | D:2      | Reached XP level 4. HP: 24/24 MP: 3/12
  1391 | D:2      | Learned a level 4 spell: Fulminant Prism
  1484 | D:3      | Noticed Grinder
  1515 | D:2      | Noticed Natasha
  1526 | D:2      | Killed Natasha
  1690 | D:3      | Found a basalt altar of Yredelemnul.
  1697 | D:3      | Found a sparkling altar of Nemelex Xobeh.
  1754 | D:3      | Found a blossoming altar of Fedhas.
  1776 | D:3      | Found an ornate altar of the Wu Jian Council.
  1782 | D:3      | Reached XP level 5. HP: 28/28 MP: 4/14
  1895 | D:3      | Paralysed by Grinder for 5 turns
  1906 | D:3      | Killed Grinder
  1906 | D:3      | Reached skill level 6 in Spellcasting
  1906 | D:3      | Reached skill level 5 in Hexes
  1906 | D:3      | Reached XP level 6. HP: 32/32 MP: 2/17
  2066 | D:3      | HP: 1/32 [orc/short sword (4)]
  2072 | D:3      | Killed from afar by an orc priest

Skill      XL: |  1  2  3  4  5 |
---------------+----------------+-----
Spellcasting   | 4 6 |  6.0
Conjurations   | 5 |  5.0
Hexes          | 2 4 5 |  5.9
Dodging        | |  2.4
Stealth        | |  2.4

Action                   |  1- 3 |  4- 6 || total
-------------------------+-------+-------++-------
Melee: Dagger            |    10 |     6 ||    16
Throw: Stone             |     2 |     3 ||     5
 Cast: Magic Dart        |    46 |    24 ||    70
       Searing Ray       |     2 |     7 ||     9
       Dazzling Spray    |     2 |     2 ||     4
       Fulminant Prism   |       |     5 ||     5
  Use: Potion            |       |     1 ||     1
 Stab: Sleeping          |     1 |       ||     1
  Eat: Chunk             |     1 |     3 ||     4
Armor: Robe              |     3 |     1 ||     4
Dodge: Dodged            |    13 |    12 ||    25
